 Dungeon Crawl Stone Soup version 0.20.0-14-g326068f (webtiles) character file.

2039 Monsterracer the Cleaver (level 9, -1/74 (75) HPs)
             Began as a Minotaur Arcane Marksman on June 8, 2017.
             Slain by an orc
             ... wielding a +0 falchion
              (4 damage)
             ... on level 8 of the Dungeon.
             The game lasted 00:13:24 (6634 turns).

Monsterracer the Cleaver (Minotaur Arcane Marksman) Turns: 6634, Time: 00:13:25

HP:   -1/74 (75)    AC:  5    Str: 20    XL:     9   Next: 4%
MP:   9/9           EV: 13    Int: 13    God:
Gold: 357           SH:  0    Dex: 11    Spells: 10/10 levels left

rFire    . . .     SeeInvis .   l - +0 war axe
rCold    . . .     Gourm    .   (no shield)
rNeg     . . .     Faith    .   i - +2 leather armour {rPois}
rPois    +         Spirit   .   (helmet restricted)
rElec    .         Reflect  .   (no cloak)
rCorr    .         Harm     .   (no gloves)
MR       .....     Rnd*Tele +   (no boots)
Stlth    ..........             e - amulet of rage
Regen    0.3/turn               k - +3 ring of intelligence
MPRegen  0.2/turn               u - ring of loudness (curse)

@: no status effects
A: retaliatory headbutt, hooves 1, horns 2, strong 1, teleportitis 1
a: Evoke Berserk Rage


You were on level 8 of the Dungeon.
You were not hungry.

You visited 1 branch of the dungeon, and saw 6 of its levels.
You also visited: Sewer and Ossuary.

You collected 357 gold pieces.

Inventory:

Hand Weapons
 d - a +1 flail of crushing
 l - a +0 war axe (weapon)
Armour
 a - a +1 plate armour
 i - a +2 leather armour of poison resistance (worn)
Jewellery
 e - an amulet of rage (around neck)
 k - a +3 ring of intelligence (left hand)
 u - a cursed ring of loudness (right hand)
Scrolls
 g - 3 scrolls of teleportation
 j - 5 scrolls of identify
 o - 3 scrolls of remove curse
Potions
 b - a potion of curing
 c - a potion of might
 h - 3 potions of ambrosia
 p - 3 potions of flight
 r - 9 potions of heal wounds
 s - a potion of resistance {unknown}
 t - a potion of mutation
Comestibles
 f - 5 bread rations
 m - 3 meat rations
 n - a chunk of flesh
 q - 4 royal jellies


   Skills:
 + Level 6.2 Fighting
 * Level 10.4 Axes
 - Level 2.0 Throwing
 + Level 5.0 Armour
 + Level 4.8 Dodging
 - Level 1.0 Spellcasting
   Level 2.0 Hexes


You had 10 spell levels left.
You didn't know any spells.

Dungeon Overview and Level Annotations

Branches:
Dungeon (5/15)
 Temple: D:4-7

Altars:
Dithmenos
Vehumet
Yredelemnul


Innate Abilities, Weirdness & Mutations

You reflexively headbutt those who attack you in melee.
You have a pair of horns on your head.
You have large cloven feet.
Your muscles are strong. (Str +2)
You are occasionally teleported next to monsters.


Message History

You headbutt the orc warrior, but do no damage.
The orc warrior is almost dead.
You hit the orc. The orc barely misses you.
The orc warrior hits you with a trident!
* * * LOW HITPOINT WARNING * * *
You completely miss the orc warrior.
The orc warrior is almost dead.
Your leather armour prevents you from hitting the orc.
The orc hits you with a falchion.
* * * LOW HITPOINT WARNING * * *
The orc warrior hits you with a trident!
* * * LOW HITPOINT WARNING * * *
You closely miss the orc warrior. Your headbutt misses the orc warrior.
The orc warrior is almost dead.
You barely miss the orc. The orc misses you. The orc warrior misses you.
You hit the orc warrior but do no damage.
Your kick misses the orc warrior.
The orc warrior is almost dead.
You hit the orc but do no damage. The orc hits you with a falchion.
You die...

#........# #..#
#.####..## #..#
#.###. .## #...
#.##.###.# #...
#.##..#.## ### ###o
#.##.#..####. .< #.
#..รท..)......###.#
#o
####.##.###....)..
#o
#.o@o........#..###.
##.##.###..#........
### # ##..{Za#
.....#h## .... #.h#
### #ph# #h.h #%.#
#%%#


You could see an orc warrior and an orc.

Vanquished Creatures
  The ghost of Monsterracer the Skirmisher, an amateur MiAM of Okawaru (D:4)
  Grinder (Sewer)
  2 necrophages
  2 ogres
  Blork the orc (D:4)
  A big kobold (Sewer)
  A bullfrog (D:3)
  7 water moccasin zombies (Ossuary)
  A quasit (Sewer)
  2 orc priests (D:4)
  A hound (D:8)
  5 orc wizards
  An iguana (D:5)
  A worker ant (D:8)
  4 big kobold zombies (Sewer)
  A hound zombie (D:5)
  2 mummies (Ossuary)
  6 adders
  2 shadow imps (Sewer)
  3 ufetubi (Sewer)
  An ooze (D:2)
  7 adder zombies (Ossuary)
  3 worms
  3 dart slugs
  3 leopard geckos
  12 orcs
  5 ball pythons
  13 bats
  5 giant cockroaches
  11 goblins
  9 hobgoblins
  6 jackals (D:3)
  21 kobolds
  2 frilled lizards
  A gnoll zombie (Ossuary)
  8 hobgoblin zombies (Ossuary)
  6 kobold zombies
  A leopard gecko skeleton (D:4)
  5 orc zombies (Ossuary)
  2 quokka zombies
  8 rats
  A rat zombie (D:5)
178 creatures vanquished.

Vanquished Creatures (others)
  An adder (D:3)
  A leopard gecko (D:3)
  A kobold zombie (Sewer)
3 creatures vanquished.

Grand Total: 181 creatures vanquished

Notes
Turn   | Place    | Note
-------+----------+-------------------------------------------
     0 | D:1      | Monsterracer the Minotaur Arcane Marksman began the quest for the Orb.
     0 | D:1      | Reached XP level 1. HP: 16/16 MP: 1/1
   405 | D:1      | Reached XP level 2. HP: 25/25 MP: 2/2
   964 | D:1      | Reached XP level 3. HP: 29/31 MP: 3/3
  1018 | D:2      | Gained mutation: You are occasionally teleported next to monsters. [potion of mutation]
  1018 | D:2      | Gained mutation: You evolve. [potion of mutation]
  1018 | D:2      | Gained mutation: You are frail. (-10% HP) [potion of mutation]
  1018 | D:2      | Gained mutation: Your muscles are strong. (Str +2) [potion of mutation]
  1566 | D:2      | Reached skill level 1 in Axes
  1746 | D:2      | Reached XP level 4. HP: 35/36 MP: 4/4
  1817 | D:2      | Reached skill level 2 in Axes
  2184 | D:3      | Found a basalt altar of Yredelemnul.
  2393 | D:3      | Found a radiant altar of Vehumet.
  2394 | D:3      | Noticed a bullfrog
  2401 | D:3      | Killed a bullfrog
  2401 | D:3      | Reached skill level 4 in Axes
  2401 | D:3      | Reached XP level 5. HP: 27/41 MP: 5/5
  3228 | D:4      | Noticed Blork the orc
  3238 | D:4      | HP: 1/41 [something (5)]
  3239 | D:4      | Killed Blork the orc
  3239 | D:4      | Reached skill level 5 in Axes
  3239 | D:4      | Reached XP level 6. HP: 1/46 MP: 6/6
  3433 | D:4      | Noticed Monsterracer's ghost (amateur MiAM)
  3443 | D:4      | Killed Monsterracer's ghost
  3443 | D:4      | Reached skill level 7 in Axes
  3600 | D:4      | Gained mutation: You have large cloven feet. [evolution]
  3972 | D:4      | Reached skill level 1 in Armour
  3972 | D:4      | Reached XP level 7. HP: 53/53 MP: 7/7
  4174 | D:4      | Reached skill level 8 in Axes
  4583 | D:5      | Entered Level 5 of the Dungeon
  4623 | D:5      | Found a glowing drain.
  4636 | Sewer    | Entered a sewer
  4850 | Sewer    | Found a burning altar of Makhleb.
  4882 | Sewer    | Noticed Grinder
  4889 | Sewer    | Paralysed by Grinder for 5 turns
  4899 | Sewer    | Killed Grinder
  4899 | Sewer    | Reached skill level 5 in Fighting
  4899 | Sewer    | Reached skill level 9 in Axes
  4899 | Sewer    | Reached XP level 8. HP: 36/61 MP: 8/8
  5040 | Sewer    | Gained mutation: You possess an exceptional clarity of mind. [evolution]
  5110 | D:5      | Found a sand-covered staircase.
  5117 | Ossuary  | Entered an ossuary
  5968 | Ossuary  | Reached skill level 10 in Axes
  6059 | Ossuary  | Lost mutation: You possess an exceptional clarity of mind. [potion of mutation]
  6059 | Ossuary  | Lost mutation: Your muscles are strong. (Str +2) [potion of mutation]
  6059 | Ossuary  | Lost mutation: You are frail. (-10% HP) [potion of mutation]
  6059 | Ossuary  | Lost mutation: You evolve. [potion of mutation]
  6059 | Ossuary  | Gained mutation: Your muscles are strong. (Str +2) [potion of mutation]
  6059 | Ossuary  | Gained mutation: Your magical capacity is low. (-10% MP) [potion of mutation]
  6059 | Ossuary  | Lost mutation: Your magical capacity is low. (-10% MP) [potion of mutation]
  6154 | D:5      | Found a shadowy altar of Dithmenos.
  6402 | D:5      | You fall through a shaft for 3 floors!
  6500 | D:8      | Reached XP level 9. HP: 47/74 MP: 9/9
  6617 | D:8      | Reached skill level 5 in Armour
  6632 | D:8      | HP: 3/74 [orc warrior/trident (9)]
  6634 | D:8      | Slain by an orc

Skill      XL: |  1  2  3  4  5  6  7  8  9 |
---------------+----------------------------+-----
Fighting       | 2 3 4 5 6 |  6.2
Axes           | 1 4 5 7 9 10 | 10.4
Armour         | 1 3 4 5 |  5.0
Dodging        | 3 4 |  4.8
Throwing       | |  2.0
Spellcasting   | |  1.0
Hexes          | |  2.0

Action                   |  1- 3 |  4- 6 |  7- 9 || total
-------------------------+-------+-------+-------++-------
Melee: Whip              |    65 |       |       ||    65
       Unarmed           |     7 |       |       ||     7
       Headbutt          |    10 |    13 |    73 ||    96
       War axe           |    16 |    98 |   328 ||   442
       Kick              |       |       |    97 ||    97
Throw: Javelin           |     6 |       |       ||     6
 Abil: Evoke Berserk Rag |       |       |     1 ||     1
  Use: Potion            |     5 |     1 |     5 ||    11
       Scroll            |       |     4 |     4 ||     8
  Eat: Chunk             |     3 |     5 |     7 ||    15
       Bread ration      |       |       |     1 ||     1
Armor: Robe              |     1 |       |       ||     1
       Scale mail        |     8 |       |       ||     8
       Leather armour    |     3 |    17 |    34 ||    54
       Plate armour      |    29 |    12 |   162 ||   203
Dodge: Dodged            |    40 |    75 |   139 ||   254
